 Dungeon Crawl Stone Soup version 0.23-a0-448-g1c01f63 (webtiles) character file.

163696 Dfrag the Destroyer (level 17, -5/140 HPs)
             Began as a Naga Fire Elementalist on Nov 19, 2018.
             Was the Champion of Makhleb.
             Killed by a resonance strike
             ... invoked by a ragged hierophant
              (15 damage)
             ... in the Desolation of Salt on Nov 20, 2018.
             The game lasted 01:18:25 (27182 turns).

Dfrag the Destroyer (Naga Fire Elementalist)       Turns: 27182, Time: 01:18:26

Health: -5/140     AC: 21    Str:  4    XL:     17   Next: 54%
Magic:  23/35      EV:  5    Int: 34    God:    Makhleb [******]
Gold:   1327       SH:  4    Dex: 21    Spells: 23/45 levels left

rFire    + + +     SeeInvis +   L - staff of fire
rCold    . . .     Gourm    .   (no shield)
rNeg     + . .     Faith    .   b - +5 ring mail of the Lizard {rN+ Str-5 Int+3 Dex+4}
rPois    +         Spirit   .   (helmet restricted)
rElec    +         Reflect  .   N - scarf {rC+ rF+}
rCorr    .         Harm     .   Q - +0 pair of gloves {Dex+3}
MR       ++...                  u - +0 naga barding
Stlth    +++++.....             p - amulet of magic regeneration
HPRegen  0.33/turn              P - ring of the Lotus Blossom {Fire rElec Str-4 Int+6}
MPRegen  0.49/turn              E - +5 ring of intelligence

@: about to teleport, barbed spikes, studying Long Blades, very slow
A: large, antennae 1, large bone plates 1, see invisible, deformed body, sense
surroundings 2, poison resistance, slowness 2, slow metabolism 1, spit poison 1,
strong 1, MP-powered wands, constrict 1, AC +5
}: 1/15 runes: barnacled
a: Spit Poison, Minor Destruction, Lesser Servant of Makhleb, Major Destruction,
Greater Servant of Makhleb, Renounce Religion


You were in the Desolation of Salt.
You worshipped Makhleb.
Makhleb was exalted by your worship.
You were not hungry.

You visited 6 branches of the dungeon, and saw 28 of its levels.
You also visited: Desolation.

You collected 2439 gold pieces.
You spent 1112 gold pieces at shops.

Inventory:

Hand Weapons
 R - the +8 war axe of the Asp {drain, Int+4, unknown}
   (You found it on level 11 of the Dungeon)

   A truly terrible weapon, it drains the life of those it strikes.
   It affects your intelligence (+4).
Armour
 a - a +2 shield of protection
 b - the +5 ring mail of the Lizard (worn) {rN+ Str-5 Int+3 Dex+4}
   (You found it on level 5 of the Dungeon)

   It affects your strength (-5).
   It affects your intelligence (+3).
   It affects your dexterity (+4).
   It protects you from negative energy.
 r - a +2 helmet
 u - a +0 naga barding (worn)
 z - a +1 cloak of poison resistance
 M - the +2 robe of Honour {MP+9 Int-2 Slay+5}
   (You bought it in a shop on level 2 of the Orcish Mines)

   It affects your intelligence (-2).
   It affects your accuracy and damage with ranged weapons and melee attacks
   (+5).
   It affects your magic capacity (+9).
 N - a scarf of resistance (worn)
 Q - a +0 pair of gloves of dexterity (worn)
 V - a +0 troll leather armour
Magical Staves
 v - an uncursed staff of power
 L - an uncursed staff of fire (weapon)
 U - an uncursed staff of wizardry
Jewellery
 m - a +5 ring of strength
 p - an amulet of magic regeneration (around neck)
 s - the amulet of Teav {Reflect Str+2 SH+4}
   (You found it on level 11 of the Dungeon)

   [amulet of reflection]

   It shields you and reflects attacks.
   It affects your strength (+2).
   It affects your SH (+4).
 E - a +5 ring of intelligence (right hand)
 P - the ring of the Lotus Blossom (left hand) {Fire rElec Str-4 Int+6}
   (You found it on level 13 of the Dungeon)

   [ring of fire]

   It enhances your fire magic.
   It affects your strength (-4).
   It affects your intelligence (+6).
   It protects you from fire.
   It makes you vulnerable to cold.
   It insulates you from electricity.
 X - an uncursed ring of protection from fire {unknown}
Wands
 l - a wand of iceblast (11)
 H - a wand of disintegration (3)
 J - a wand of acid (14)
 W - a wand of digging (4)
Scrolls
 e - 6 scrolls of teleportation
 g - 3 scrolls of immolation
 h - 3 scrolls of amnesia
 j - a scroll of enchant armour
 k - 5 scrolls of fog
 y - a scroll of identify
 A - 6 scrolls of enchant weapon
 B - a scroll of magic mapping
 C - 4 scrolls of remove curse
 D - 4 scrolls of holy word
 G - 2 scrolls of brand weapon
Potions
 d - 3 potions of cancellation {unknown}
 f - a potion of agility {unknown}
 i - 2 potions of heal wounds
 o - a potion of resistance {unknown}
 q - 2 potions of berserk rage {unknown}
 t - 15 potions of curing
 w - a potion of flight {unknown}
 x - 2 potions of might
 F - 3 potions of magic {unknown}
 I - a potion of lignification
 K - a potion of mutation
 O - a potion of invisibility {unknown}
 S - 4 potions of brilliance {unknown}
 Z - 2 potions of ambrosia {unknown}
Books
 n - a manual of Long Blades
Comestibles
 c - 56 rations


   Skills:
 + Level 6.0 Fighting
 - Level 7.0 Armour
 - Level 1.5 Dodging
 - Level 12.0 Stealth
 - Level 14.7 Spellcasting
 + Level 14.9 Conjurations
 + Level 14.2 Fire Magic
 - Level 8.1 Ice Magic
 - Level 8.0 Air Magic


You had 23 spell levels left.
You knew the following spells:

 Your Spells              Type           Power        Failure   Level  Hunger
a - Flame Tongue          Conj/Fire      #####        1%          1    None
b - Conjure Flame         Conj/Fire      ########     1%          3    None
c - Sticky Flame          Conj/Fire      ########     1%          4    None
d - Fireball              Conj/Fire      ########..   1%          5    None
e - Dazzling Spray        Conj/Hex       ######       1%          3    None
f - Freezing Cloud        Conj/Ice/Air   #######...   16%         6    ##.....

Your spell library contained the following spells:

 Spells                   Type           Power        Failure   Level  Hunger
 Magic Dart               Conj           ####         0%          1    None
 Sting                    Conj/Pois      ####         1%          1    None
 Throw Flame              Conj/Fire      ######       1%          2    None
 Inner Flame              Hex/Fire       ########     1%          3    None
 Mephitic Cloud           Conj/Pois/Air  ######..     1%          3    None
 Ensorcelled Hibernation  Hex/Ice        ######       2%          2    None
 Poisonous Vapours        Pois/Air       ######       2%          2    None
 Corona                   Hex            ####...      8%          1    None
 Summon Small Mammal      Summ           ####         8%          1    None
 Blink                    Tloc           N/A          11%         2    None
 Call Imp                 Summ           ####....     11%         2    None
 Slow                     Hex            ####....     11%         2    None
 Sticks to Snakes         Tmut           ####....     11%         2    None
 Sublimation of Blood     Necr           ####......   11%         2    None
 Summon Ice Beast         Ice/Summ       ######..     14%         4    None
 Summon Lightning Spire   Summ/Air       ######..     14%         4    None
 Call Canine Familiar     Summ           ####....     22%         3    None
 Confuse                  Hex            ####....     22%         3    None
 Summon Guardian Golem    Hex/Summ       ####....     22%         3    None
 Tukima's Dance           Hex            ####....     22%         3    None
 Vampiric Draining        Necr           ####......   22%         3    None
 Alistair's Intoxication  Tmut/Pois      ####....     90%         5    None
 Yara's Violent Unravell  Hex/Tmut       ####......   90%         5    None
 Simulacrum               Ice/Necr       ######....   91%         6    ##.....
 Ring of Flames           Chrm/Fire      ########..   98%         7    ####...
 Dragon Form              Tmut           ####......   100%        7    ####...


Dungeon Overview and Level Annotations

Branches:
Dungeon (14/15)            Temple (1/1) D:6            Lair (6/6) D:9
 Shoals (4/4) Lair:2        Snake (0/4) Lair:2        Slime (0/5) Lair:6
    Orc (2/2) D:10            Elf (1/3) Orc:2        Vaults (0/5) D:14

Altars:
Ashenzari
Cheibriados
Dithmenos
Elyvilon
Fedhas
Gozag
Hepliaklqana
Kikubaaqudgha
Makhleb
Nemelex Xobeh
Okawaru
Qazlal
Ru
Sif Muna
Trog
Uskayaw
Vehumet
Wu Jian
Yredelemnul
Zin
The Shining One
Beogh

Shops:
D:7 }%!=?   D:10 !   D:14 *   Orc:2 :[*(   Elf:1 =([   Shoals:2 (


Innate Abilities, Weirdness & Mutations

You cannot wear boots.
Your serpentine skin is tough. (AC +5)
You have supernaturally acute eyesight. (SInv)
Armour fits poorly on your strangely shaped body.
Your system is resistant to poisons. (rPois)
You cover ground very slowly.
You have a slow metabolism.
You can spit poison.
You can use your snake-like lower body to constrict enemies.
You have a pair of small antennae on your head.
You are partially covered in large bone plates. (SH +4)
You passively map the area around you.
Your muscles are strong. (Str +2)
You expend magic power (3 MP) to strengthen your wands.


Message History

A ragged hierophant comes into view. It is wielding a +0 short sword.
The guardian serpent coils itself and waves its upper body at you.
The bolt of poison hits the saltling.
The saltling completely resists.
The bolt of poison hits you! You resist.
* * * LOW HITPOINT WARNING * * *
The ragged hierophant gestures wildly while chanting.
The ragged hierophant begins to accept its allies' injuries.
A servant of whispers comes into view. It is wielding a +0 club.
The servant of whispers calls down the wrath of its god upon you.
The bolt of lightning hits you! You resist.
* * * LOW HITPOINT WARNING * * *
A ragged hierophant comes into view. It is wielding a +0 long sword.
As you read the scroll of teleportation, it crumbles to dust.
You feel strangely unstable. The saltling hits you!
* * * LOW HITPOINT WARNING * * *
The peacekeeper bites you but does no damage.
The peacekeeper claws you but does no damage.
The ragged hierophant points at you and mumbles some strange words.
A blast of power from the earth and the adjacent constructs strikes you!
You die...

, , ,, ...§.§§§§..§# .§, * ,
,§§§..§p§S§...#§§§§##.)##§§ ,
, ..§...).).p§§§§#§8§§..#.§§
, ........pp§§.§§#§§§§#§..§§
.....8..p..§§§§§§§#§§..S§§ ,
.........S§§§§§§§.§....§§. ,,
, ,
.......................##§ ,
,........88.............§.§ ,
, ........8@.............§§§
, ,##########################
, ##########################
, ##########################
,, ##########################
,,,##########################
,, ##########################


You could see 3 ragged hierophants, a servant of whispers, an ironbrand
convoker, a peacekeeper, 2 guardian serpents and 3 saltlings.

Vanquished Creatures
  Rupert (Lair:3)
  Polyphemus (Shoals:3)
  Ilsuiw (Shoals:3)
  A frost giant (Shoals:4)
  2 orc warlords (Orc:2)
  A deep elf sorcerer (Elf:1)
  A stone giant (Shoals:3)
  3 merfolk javelineers (Shoals:4)
  A yaktaur captain (D:14)
  The ghost of fooot the Thaumaturge, a journeyman SpEE of Ashenzari (D:12)
  8 merfolk impalers
  A ragged hierophant (Desolation)
  4 hydras
  A servant of whispers (Desolation)
  A peacekeeper (Desolation)
  Erolcha (Orc:2)
  3 catoblepae
  5 alligator snapping turtles
  2 merfolk avatars
  A dancing weapon (Elf:1)
  6 centaur warriors
  3 merfolk aquamancers (Shoals:4)
  2 satyrs (Shoals:4)
  10 death yaks
  Urug (Lair:6)
  3 two-headed ogres
  2 orc high priests
  Sonja (Lair:2)
  2 skeletal warriors (D:12)
  7 sea snakes
  A deep elf archer (Elf:1)
  3 unseen horrors
  8 harpies
  11 orc knights
  4 deep elf magi (Elf:1)
  3 ugly things (D:11)
  6 orc sorcerers
  A wolf spider (shapeshifter) (D:13)
  4 fauns (Shoals:2)
  17 elephants
  6 cyclopes
  9 manticores
  12 merfolk sirens
  3 black mambas
  10 spiny frogs
  A gargoyle (D:14)
  4 water nymphs
  A freezing wraith (D:13)
  A kobold demonologist (D:12)
  7 komodo dragons
  4 rime drakes
  2 yaktaurs (D:14)
  A tengu conjurer (D:14)
  A queen bee (Lair:1)
  7 polar bears
  A troll (shapeshifter) (D:13)
  7 trolls
  Grinder (D:5)
  20 merfolk
  5 hornets
  7 saltlings (Desolation)
  6 wind drakes
  4 slime creatures (D:14)
  12 hippogriffs
  15 blink frogs
  11 dream sheep
  2 meliai zombies (D:12)
  7 snapping turtles
  A shadow (D:11)
  Sigmund (D:4)
  19 yaks
  11 water elementals
  22 flying skulls (D:12)
  A wraith (D:14)
  A wyvern (Lair:6)
  5 basilisks
  6 humans (D:10)
  3 hungry ghosts
  7 vampire mosquitoes
  2 nagas (Lair:2)
  8 wargs
  2 acid dragons
  Edmund (D:5)
  14 water moccasins
  8 porcupines
  4 sky beasts
  35 orc warriors
  A necrophage (D:14)
  A phantom (D:5)
  6 ice beasts
  2 black bears
  4 boggarts (Lair:5)
  14 ogres
  5 wolves (Lair:5)
  8 centaurs
  15 crocodiles
  3 big kobolds
  15 bullfrogs
  2 wyvern zombies
  2 wyvern skeletons
  8 scorpions
  39 killer bees
  3 electric eels
  5 howler monkeys
  3 crimson imps
  A centaur zombie (D:9)
  A bullfrog zombie (D:13)
  A quasit (D:11)
  7 hounds
  18 jellies
  21 orc priests
  Crazy Yiuf (D:5)
  5 centaur skeletons
  26 orc wizards
  3 iguanas
  7 worker ants
  A worker ant zombie (D:6)
  A howler monkey zombie (D:6)
  Robin (D:3)
  3 gnolls (D:5)
  9 adders
  A shadow imp (D:10)
  A white imp (D:9)
  2 oozes
  2 adder zombies (D:7)
  3 worms
  2 dart slugs
  6 leopard geckos
  83 orcs
  5 giant cockroaches
  16 goblins
  5 hobgoblins
  9 jackals
  12 kobolds
  9 quokkas
  A ball python (D:5)
  7 bats
  6 frilled lizards
  A quokka skeleton (D:9)
  3 rats
  A bush (Lair:3)
  2 fungi
  12 plants
884 creatures vanquished.

Vanquished Creatures (collateral kills)
  A crystal guardian (Desolation)
  2 ragged hierophants (Desolation)
  A servant of whispers (Desolation)
  An ironbrand convoker (Desolation)
  2 saltlings (Desolation)
7 creatures vanquished.

Vanquished Creatures (others)
  11 fungi
  13 plants
24 creatures vanquished.

Grand Total: 915 creatures vanquished

Notes
Turn   | Place    | Note
-------+----------+-------------------------------------------
     0 | D:1      | Dfrag the Naga Fire Elementalist began the quest for the
                  | Orb.
     0 | D:1      | Reached XP level 1. HP: 15/15 MP: 3/3
   120 | D:1      | Reached XP level 2. HP: 10/22 MP: 5/5
   752 | D:2      | Reached XP level 3. HP: 28/28 MP: 4/6
  1453 | D:3      | Reached XP level 4. HP: 36/36 MP: 5/8
  1531 | D:3      | Noticed Robin
  1537 | D:3      | Killed Robin
  1780 | D:3      | Found a sparkling altar of Nemelex Xobeh.
  2053 | D:3      | Found a glowing silver altar of Zin.
  2102 | D:4      | Noticed an ogre
  2109 | D:4      | Killed an ogre
  2109 | D:4      | Reached XP level 5. HP: 28/42 MP: 3/10
  2114 | D:4      | Learned a level 3 spell: Conjure Flame
  2119 | D:4      | Learned a level 4 spell: Sticky Flame
  2341 | D:4      | Reached XP level 6. HP: 49/49 MP: 9/11
  2441 | D:4      | Noticed Sigmund
  2452 | D:4      | Killed Sigmund
  2553 | D:4      | Noticed a black bear
  2560 | D:4      | Killed a black bear
  2560 | D:4      | Reached skill level 5 in Fire Magic
  2560 | D:4      | Reached XP level 7. HP: 24/55 MP: 6/13
  2899 | D:5      | Entered Level 5 of the Dungeon
  2901 | D:5      | Noticed Edmund
  3007 | D:5      | Got a twisted mace
  3008 | D:5      | Identified the +3 mace "Banisher" {speed, rF+ Dex+4 Stlth+}
                  | (You found it on level 5 of the Dungeon)
  3122 | D:5      | Killed Edmund
  3199 | D:5      | Found a runed door.
  3203 | D:5      | Noticed Crazy Yiuf
  3208 | D:5      | Killed Crazy Yiuf
  3309 | D:5      | Reached skill level 5 in Conjurations
  3309 | D:5      | Reached XP level 8. HP: 44/62 MP: 11/15
  3314 | D:5      | Reached skill level 5 in Spellcasting
  3518 | D:5      | Got a fine ring mail
  3589 | D:5      | Noticed Grinder
  3613 | D:5      | Killed Grinder
  4039 | D:5      | Identified the +5 ring mail of the Lizard {rN+ Str-5 Int+3
                  | Dex+4} (You found it on level 5 of the Dungeon)
  4049 | D:5      | Learned a level 5 spell: Fireball
  4370 | D:6      | Reached XP level 9. HP: 62/68 MP: 14/18
  4469 | D:6      | Found a staircase to the Ecumenical Temple.
  4489 | Temple   | Entered the Ecumenical Temple
  4606 | Temple   | Became a worshipper of Makhleb the Destroyer
  5142 | D:7      | Found a hide-covered altar of Uskayaw.
  5190 | D:7      | Found Qabboir's Gadget Shoppe.
  5308 | D:7      | Found Arot Ece's Distillery.
  5328 | D:7      | Bought a potion of lignification for 33 gold pieces
  5328 | D:7      | Bought a potion of heal wounds for 55 gold pieces
  5328 | D:7      | Bought a potion of mutation for 88 gold pieces
  5432 | D:7      | Reached * piety under Makhleb
  5490 | D:7      | Found Plog's Jewellery Boutique.
  5498 | D:7      | Found Zuthroari's Magic Scroll Emporium.
  5508 | D:7      | Bought a scroll of blinking for 97 gold pieces
  5618 | D:7      | Found Olafo's Food Emporium.
  5847 | D:8      | Noticed a two-headed ogre
  6248 | D:8      | Killed a two-headed ogre
  6248 | D:8      | Reached XP level 10. HP: 75/75 MP: 2/21
  6912 | D:9      | Found a staircase to the Lair.
  7035 | D:9      | Reached ** piety under Makhleb
  7184 | D:9      | Found a bloodstained altar of Trog.
  7184 | D:9      | Found a shadowy altar of Dithmenos.
  7185 | D:9      | Found a hazy altar of Hepliaklqana.
  7636 | D:9      | Found a sparkling altar of Nemelex Xobeh.
  7797 | D:9      | Found a deep blue altar of Sif Muna.
  7998 | D:10     | Entered Level 10 of the Dungeon
  7998 | D:10     | Noticed a centaur warrior
  8001 | D:10     | Killed a centaur warrior
  8423 | D:10     | Reached skill level 10 in Fire Magic
  8423 | D:10     | Reached XP level 11. HP: 81/81 MP: 12/23
  8543 | D:10     | Found Athriyhewk's Distillery.
  8556 | D:10     | Learned a level 3 spell: Dazzling Spray
  8623 | D:10     | Found a staircase to the Orcish Mines.
  8815 | D:7      | Bought 2 potions of mutation for 176 gold pieces
  8815 | D:7      | Bought a potion of degeneration for 11 gold pieces
  8819 | D:7      | Gained mutation: You are covered in fur. (AC +1) [potion of
                  | mutation]
  8819 | D:7      | Gained mutation: You are agile. (Dex +2) [potion of
                  | mutation]
  8819 | D:7      | Gained mutation: You expend magic power (3 MP) to
                  | strengthen your wands. [potion of mutation]
  8993 | Lair:1   | Entered Level 1 of the Lair of Beasts
  9034 | Lair:1   | Noticed a five-headed hydra
  9055 | Lair:1   | HP: 6/121 [hippogriff (6)]
  9057 | Lair:1   | Killed a five-headed hydra
  9152 | Lair:1   | Reached skill level 10 in Conjurations
  9675 | Lair:1   | Found a snail-covered altar of Cheibriados.
 10123 | Lair:1   | Reached *** piety under Makhleb
 10123 | Lair:1   | Reached skill level 10 in Spellcasting
 10206 | Lair:1   | Reached skill level 1 in Armour
 10510 | Lair:2   | Noticed Sonja
 10511 | Lair:2   | Reached XP level 12. HP: 88/88 MP: 15/26
 10518 | Lair:2   | Killed Sonja
 10758 | Lair:2   | Found a bloodstained altar of Trog.
 10841 | Lair:2   | Found a staircase to the Snake Pit.
 11038 | Lair:2   | Found a staircase to the Shoals.
 11809 | Lair:3   | Noticed Rupert
 11810 | Lair:3   | Paralysed by Rupert for 6 turns
 11901 | Lair:3   | Killed Rupert
 12504 | Lair:4   | Reached **** piety under Makhleb
 12637 | Lair:4   | Noticed a four-headed hydra
 12642 | Lair:4   | Killed a four-headed hydra
 12774 | Lair:4   | Gained mutation: You can use your snake-like lower body to
                  | constrict enemies. [Naga growth]
 12774 | Lair:4   | Reached XP level 13. HP: 94/94 MP: 20/28
 12900 | Lair:4   | Reached skill level 5 in Armour
 13301 | Lair:4   | Learned a level 6 spell: Freezing Cloud
 13417 | Lair:5   | Reached skill level 1 in Ice Magic
 13417 | Lair:5   | Reached skill level 1 in Air Magic
 14531 | Lair:6   | Entered Level 6 of the Lair of Beasts
 14554 | Lair:6   | Noticed Urug
 14568 | Lair:6   | Killed Urug
 14633 | Lair:6   | Reached ***** piety under Makhleb
 15362 | Lair:6   | Reached XP level 14. HP: 102/102 MP: 0/30
 15443 | Lair:6   | Found a staircase to the Slime Pits.
 15612 | Lair:6   | Reached skill level 5 in Air Magic
 15614 | Lair:6   | Reached skill level 5 in Ice Magic
 15803 | Lair:6   | Identified the Incunabulum of Shape Shifting and Toxins
 16373 | D:10     | Bought 2 potions of mutation for 192 gold pieces
 16464 | D:7      | Bought a scroll of blinking for 97 gold pieces
 16464 | D:7      | Bought a scroll of identify for 26 gold pieces
 16464 | D:7      | Bought a scroll of identify for 26 gold pieces
 16464 | D:7      | Bought a scroll of teleportation for 39 gold pieces
 16464 | D:7      | Bought a scroll of random uselessness for 13 gold pieces
 16574 | Orc:1    | Entered Level 1 of the Orcish Mines
 17062 | D:11     | Got a faintly glowing war axe
 17101 | D:11     | Got a crude copper amulet
 17178 | D:11     | Found a stormy altar of Qazlal.
 17618 | D:11     | Reached ****** piety under Makhleb
 18205 | D:12     | Reached XP level 15. HP: 88/108 MP: 1/33
 18316 | D:12     | Found the +3 giant club "Skullcrusher" {speed, Str+7}
 18462 | D:12     | Got a polished dagger
 18611 | D:12     | Found a runed gate.
 18611 | D:12     | Found a runed gate.
 18611 | D:12     | Found a runed gate.
 18616 | D:12     | Noticed fooot's ghost (journeyman SpEE)
 18646 | D:12     | Killed fooot's ghost
 18818 | D:12     | Identified the amulet of Teav {Reflect Str+2 SH+4} (You
                  | found it on level 11 of the Dungeon)
 19155 | D:13     | Got an ebony quarterstaff
 19595 | D:13     | Lost mutation: You are agile. (Dex +2) [potion of mutation]
 19595 | D:13     | Lost mutation: You are covered in fur. (AC +1) [potion of
                  | mutation]
 19595 | D:13     | Gained mutation: Your movements are slightly less
                  | encumbered by armour. (ER -2) [potion of mutation]
 19595 | D:13     | Gained mutation: You are weak. (Str -2) [potion of
                  | mutation]
 19595 | D:13     | Gained mutation: You are somewhat resistant to further
                  | mutation. [potion of mutation]
 19596 | D:13     | Lost mutation: You are weak. (Str -2) [potion of mutation]
 19596 | D:13     | Lost mutation: Your movements are slightly less encumbered
                  | by armour. (ER -2) [potion of mutation]
 19596 | D:13     | Gained mutation: You passively map a small area around you.
                  | [potion of mutation]
 19596 | D:13     | Gained mutation: You have a pair of small antennae on your
                  | head. [potion of mutation]
 19597 | D:13     | Lost mutation: You are somewhat resistant to further
                  | mutation. [potion of mutation]
 19597 | D:13     | Gained mutation: You are partially covered in large bone
                  | plates. (SH +4) [potion of mutation]
 19597 | D:13     | Gained mutation: Your muscles are strong. (Str +2) [potion
                  | of mutation]
 19597 | D:13     | Gained mutation: You passively map the area around you.
                  | [potion of mutation]
 19600 | D:13     | Got a crude pewter ring
 19772 | D:13     | Identified the ring of the Lotus Blossom {Fire rElec Str-4
                  | Int+6} (You found it on level 13 of the Dungeon)
 20115 | D:14     | Found Piyps's General Store.
 20146 | D:14     | Reached skill level 5 in Stealth
 20311 | D:14     | Bought a scroll of identify for 34 gold pieces
 20311 | D:14     | Bought a scroll of identify for 34 gold pieces
 20317 | D:14     | Identified the +10 quarterstaff "Toptim" {crush, *Corrode
                  | rF- MR+ Str+7} (You found it on level 13 of the Dungeon)
 20410 | D:14     | Found a gate to the Vaults.
 20950 | Orc:1    | Identified the +0 dagger "Wijin Tin" {freeze, Str+8} (You
                  | found it on level 12 of the Dungeon)
 21154 | Orc:2    | Entered Level 2 of the Orcish Mines
 21334 | Orc:2    | Noticed an orc warlord
 21338 | Orc:2    | Killed an orc warlord
 21437 | Orc:2    | Noticed an orc warlord
 21444 | Orc:2    | Killed an orc warlord
 21496 | Orc:2    | Found a roughly hewn altar of Beogh.
 21684 | Orc:2    | Found a roughly hewn altar of Beogh.
 21703 | Orc:2    | Reached XP level 16. HP: 113/115 MP: 19/34
 21707 | Orc:2    | Found Cumpub's Antique Weapon Emporium.
 21724 | Orc:2    | Found Jiarexi's Antique Armour Emporium.
 21736 | Orc:2    | Bought a heavily jewelled robe for 159 gold pieces
 21801 | Orc:2    | Found Zohumep's General Store.
 21808 | Orc:2    | Bought a scroll of identify for 32 gold pieces
 21815 | Orc:2    | Found a staircase to the Elven Halls.
 21961 | Orc:2    | Noticed Erolcha
 21962 | Orc:2    | Killed Erolcha
 22213 | Orc:2    | Found Bidikep's Book Emporium.
 22632 | Shoals:1 | Entered Level 1 of the Shoals
 23308 | Shoals:2 | Found Unera's Antique Weapon Shop.
 23325 | Shoals:2 | Reached skill level 10 in Stealth
 24010 | Shoals:3 | Noticed Ilsuiw
 24016 | Shoals:3 | Killed Ilsuiw
 24235 | Shoals:3 | HP: 5/115 [alligator snapping turtle (37)]
 24658 | Shoals:3 | Noticed Polyphemus
 24777 | Shoals:3 | Killed Polyphemus
 24917 | Shoals:3 | Reached skill level 1 in Fighting
 25022 | Shoals:4 | Entered Level 4 of the Shoals
 25467 | Shoals:4 | Reached XP level 17. HP: 130/130 MP: 8/35
 25480 | Shoals:4 | Identified the +2 robe of Honour {MP+9 Int-2 Slay+5} (You
                  | bought it in a shop on level 2 of the Orcish Mines)
 26207 | Shoals:4 | Got a barnacled rune of Zot
 26253 | Shoals:4 | Reached skill level 5 in Fighting
 26752 | Elf:1    | Entered Level 1 of the Elven Halls
 26752 | Elf:1    | Found Wiparuat's Antique Weapon Boutique.
 26763 | Elf:1    | Found Caqoes Igo's Jewellery Shop.
 26833 | Elf:1    | Identified 2 scrolls of acquirement
 26839 | Elf:1    | Identified Sif Muna's Collected Works on Unholy Envenoming
                  | (You acquired it on level 1 of the Elven Halls)
 27008 | Elf:1    | Found a ruined gateway.
 27010 | Elf:1    | Found Yloedief's Armour Emporium.
 27033 | Desolati | Entered the Desolation of Salt
 27182 | Desolati | Killed from afar by a ragged hierophant

Vault maps used:
D:1:      kennysheep_arrival_seaside, minmay_curled_crystal
D:3:      zin_treasury, first_ration, nemelex_spade_bored_becter, uniq_robin
D:4:      minmay_misc_feat_pillars, uniq_sigmund
D:5:      uniq_crazy_yiuf_cottage, uniq_grinder, uniq_edmund
D:6:      minmay_temple_entry_wispy, minmay_crossroads
D:7:      basic_altar, serial_shops, shop, shop_statue, kennysheep_mini_moat,
          shop, nicolae_shop_waterfront
D:9:      lemuel_crystal_altar, lemuel_blue_sif_altar,
          nicolae_overflow_hidden_temple, dpeg_oklobed_lair,
          blue_anna_alchemist, minmay_fire_ice_demons
D:10:     orc_0_dummy, serial_shops, shop, chequers_serial_rivers_micro_e,
          roderic_filled_cross, minmay_ruffians
D:11:     special_room, grunt_qazlal_sundering
D:12:     ebering_ghost_rock_garden, minmay_guarded_unrand_skullcrusher
D:13:     serial_aquarium, aquarium_bridge_square, aquarium_window_fake,
          aquarium_window_3, aquarium_view_2d, aquarium_pool_1
D:14:     david_vaults_2, minmay_misc_feat_alley, serial_shops,
          nicolae_shop_crystal
Temple:   eino_temple_scatter_basement
Lair:1:   basic_altar, special_room, infiniplex_staircase_pool
Lair:2:   elwin_shoals_entry_rooms, minmay_snake_entry_guardpost_small,
          basic_altar, grunt_megastairs_2, uniq_sonja
Lair:3:   grunt_megastairs_3, uniq_rupert
Lair:5:   serial_bayou, serial_bayou_pond_d, serial_bayou_pond_c,
          serial_bayou_pond_c, serial_bayou_crossing, serial_bayou_ford_a,
          kilobyte_rumbling_trees
Lair:6:   gammafunk_lair_ancient_temple, minmay_slime_entry_jelly_boxes,
          uniq_urug
Shoals:2: serial_shops, shop, nicolae_shoals_water_elemental_grotto
Shoals:3: hangedman_shoals_cup_caves, uniq_polyphemus, uniq_ilsuiw
Shoals:4: shoals_end_grunt_ice, nicolae_shoals_loop_pool
Orc:1:    guppyfry_orc_lava_fort
Orc:2:    grunt_orc_cross, basic_altar, uniq_erolcha
Elf:1:    portal_desolation_entry_ruin, serial_shops, shop, shop, shop, shop,
          shop, hangedman_elf_represent, dk_noncrumbling_3, uniq_kirke

Skill      XL: |  1  2  3  4  5  6  7  8  9 10 11 12 13 14 15 16 17 |
---------------+----------------------------------------------------+-----
Conjurations   | 2 3 4 5 6 8 9 10 11 12 14 | 14.9
Spellcasting   | 3 4 6 7 8 10 11 12 14 | 14.7
Fire Magic     | 4 5 7 8 10 11 12 13 14 | 14.2
Armour         | 1 4 5 6 7 |  7.0
Ice Magic      | 4 7 8 |  8.1
Air Magic      | 4 7 8 |  8.0
Stealth        | 8 12 | 12.0
Fighting       | 3 6 |  6.0
Dodging        | |  1.5

Action                   |  1- 3 |  4- 6 |  7- 9 | 10-12 | 13-15 | 16-18 || total
-------------------------+-------+-------+-------+-------+-------+-------++-------
Melee: Unarmed           |    21 |    22 |     1 |       |       |       ||    44
       Mace              |       |       |    90 |       |       |       ||    90
       Staff             |       |       |    24 |   109 |   286 |    47 ||   466
       Constrict         |       |       |       |       |    73 |    12 ||    85
 Cast: Flame Tongue      |    43 |    51 |   185 |    92 |    78 |     3 ||   452
       Sticky Flame      |       |     2 |    25 |    77 |   145 |    26 ||   275
       Fireball          |       |       |     3 |    85 |   269 |   227 ||   584
       Dazzling Spray    |       |       |       |     2 |       |       ||     2
       Conjure Flame     |       |       |       |       |     3 |       ||     3
       Freezing Cloud    |       |       |       |       |     7 |       ||     7
 Abil: Spit Poison       |    20 |    11 |     2 |     7 |     1 |     1 ||    42
Evoke: Wand              |       |       |       |    21 |     4 |       ||    25
  Use: Scroll            |       |       |     9 |     6 |    18 |    17 ||    50
       Potion            |       |       |       |     6 |     3 |     1 ||    10
 Stab: Sleeping          |       |       |       |       |     1 |       ||     1
  Eat: Chunk             |     2 |     3 |    12 |    24 |    27 |    15 ||    83
       Ration            |       |       |     1 |     4 |     2 |       ||     7
Armor: Robe              |    13 |     5 |    89 |    82 |    26 |    36 ||   251
       Skin              |       |       |       |    69 |       |       ||    69
       Ring mail         |       |       |       |    97 |   472 |    28 ||   597
       Troll leather arm |       |       |       |       |    15 |       ||    15
Dodge: Dodged            |    29 |    28 |   114 |   152 |   226 |    42 ||   591
Block: Other             |       |       |       |       |    22 |    33 ||    55

Table legend:
 A = Non-vault XP
 B = Vault XP
 C = Vault XP percentage of total XP
 D = Non-vault monster count
 E = Vault monster count
 F = Vault count percentage of total count
                 A         B        C        D         E       F
            +---------+---------+-------+---------+---------+-------
      Total |  119675 |   95606 |  44.4 |     583 |     293 |  33.4
            +---------+---------+-------+---------+---------+-------
        D:1 |      25 |       0 |   0.0 |      14 |       0 |   0.0
        D:2 |      50 |       0 |   0.0 |      20 |       0 |   0.0
        D:3 |      47 |      38 |  44.7 |      17 |      13 |  43.3
        D:4 |     402 |     220 |  35.4 |       8 |       1 |  11.1
        D:5 |     525 |     498 |  48.7 |      21 |       3 |  12.5
        D:6 |     876 |      16 |   1.8 |      21 |       1 |   4.5
        D:7 |     732 |       0 |   0.0 |      31 |       0 |   0.0
        D:8 |    2322 |       0 |   0.0 |      20 |       0 |   0.0
        D:9 |    1332 |     160 |  10.7 |      18 |       3 |  14.3
       D:10 |    1534 |    1936 |  55.8 |      10 |       8 |  44.4
       D:11 |    6281 |    1144 |  15.4 |      38 |      24 |  38.7
       D:12 |    6513 |    7673 |  54.1 |      38 |      25 |  39.7
       D:13 |    7753 |       0 |   0.0 |      40 |       0 |   0.0
       D:14 |    8730 |    1773 |  16.9 |      28 |       3 |   9.7
     Lair:1 |    5505 |    1797 |  24.6 |      23 |      25 |  52.1
     Lair:2 |    1842 |    1553 |  45.7 |      10 |       4 |  28.6
     Lair:3 |    4720 |    3543 |  42.9 |      20 |       3 |  13.0
     Lair:4 |    6493 |       0 |   0.0 |      23 |       0 |   0.0
     Lair:5 |    8150 |    2013 |  19.8 |      28 |      10 |  26.3
     Lair:6 |   13545 |    9633 |  41.6 |      32 |      39 |  54.9
   Shoals:1 |    6676 |       0 |   0.0 |      16 |       0 |   0.0
   Shoals:2 |    7022 |    1265 |  15.3 |      15 |       6 |  28.6
   Shoals:3 |    5588 |   16867 |  75.1 |       8 |      21 |  72.4
   Shoals:4 |   10962 |   21968 |  66.7 |      21 |      32 |  60.4
      Orc:1 |    1354 |    6747 |  83.3 |      23 |      16 |  41.0
      Orc:2 |    4950 |    9229 |  65.1 |      33 |      39 |  54.2
      Elf:1 |    5746 |       0 |   0.0 |       7 |       0 |   0.0
 Desolation |       0 |    7533 | 100.0 |       0 |      17 | 100.0
            +---------+---------+-------+---------+---------+-------
